Map: Ulrena

Players

Thorminator - Winner!

  • Race: Zerg Zerg
  • League: Grandmaster

Miszu

  • Race: Terran Terran
  • League: Master

VOD

Have the link to the VOD?

Description

Time

  • Played on: March 9, 2016, 1:51 p.m.
  • Length: 13:45
Show
View Real Time Build Order
Export as new Build Order

Thorminator Zerg - Winner!

Build Orders: Hatch First 

Get SALT Encoding   

  12  0:01  Drone  
  13  0:12  Overlord  
  13  0:18  Drone  
  14  0:30  Drone x2  
  14  0:34  Drone  
  17  0:52  Hatchery  
  17  0:55  Drone  
  17  0:58  Drone  
  18  1:08  Extractor  
  17  1:14  Spawning Pool  
  17  1:17  Drone  
  17  1:20  Drone  
  18  1:28  Drone  
  19  1:41  Overlord  
  19  2:02  Zergling x4, Queen  
  19  2:04  Queen, Drone  
  26  2:11  Drone  
  27  2:18  Roach Warren, Drone  
  27  2:22  Drone  
  28  2:27  Drone  
  29  2:42  Overlord  
  29  2:43  Overlord  
  29  3:03  Roach x4  
  37  3:10  Roach x4  
  45  3:16  Overlord  
  45  3:18  Zergling x2  
  45  3:19  Zergling x2  
  47  3:26  Drone x2  
  49  3:32  Ravager  
  49  3:36  Overlord  
  49  3:38  Drone  
  49  3:39  Drone  
  52  3:41  Ravager  
  52  3:42  Drone x2  
  52  3:47  Drone x2  
  56  4:05  Drone x5  
  56  4:06  Drone  
  61  4:13  Ravager  
  60  4:19  Hatchery  
  59  4:25  Drone  
  59  4:28  Drone x3  
  59  4:31  Extractor  
  60  4:32  Extractor  
  59  4:46  Drone x2  
  59  4:48  Queen  
  59  4:51  Overlord, Metabolic Boost  
  61  5:02  Drone  
  61  5:04  Drone  
  61  5:05  Drone x5  
  68  5:09  Overlord x2  
  68  5:19  Roach x3  
  68  5:20  Roach  
  76  5:21  Lair  
  76  5:23  Overlord x2  
  76  5:29  Ravager  
  76  5:33  Roach  
  76  5:34  Roach  
  81  5:36  Zergling x2  
  82  5:44  Zergling x6  
  82  5:49  Ravager  
  86  5:51  Zergling x4  
  86  5:52  Zergling x2  
  86  5:56  Zergling x4  
  86  5:57  Zergling x2  
  92  6:01  Zergling x12  
  98  6:07  Overlord  
  98  6:08  Overlord  
  97  6:14  Evolution Chamber  
  96  6:20  Zergling x4  
  96  6:21  Zergling x4  
  96  6:22  Ravager x2  
  96  6:23  Glial Reconstitution, Ravager  
  96  6:25  Zergling x6  
  104  6:35  Overlord  
  104  6:36  Overlord, Roach  
  104  6:37  Roach x3  
  112  6:44  Overlord x2  
  105  6:54  Roach x5  
  113  7:11  Drone x6  
  113  7:14  Zerg Missile Weapons Level 1, Extractor  
  113  7:15  Extractor  
  114  7:23  Ravager  
  114  7:24  Zergling x6, Ravager  
  117  7:32  Overlord  
  117  7:33  Zergling x16  
  109  7:44  Roach x3  
  113  7:57  Zergling x18  
  111  8:17  Drone  
  111  8:18  Drone x5  
  117  8:21  Ravager x3  
  117  8:22  Zergling x4  
  122  8:28  Roach  
  122  8:29  Roach x3, Hatchery  
  122  8:34  Drone  
  122  8:35  Drone  
  122  8:39  Roach x5, Evolution Chamber  
  133  8:48  Zergling x6  
  133  9:04  Extractor  
  133  9:05  Infestation Pit, Roach x3  
  133  9:06  Roach x9  
  152  9:33  Zerg Ground Armor Level 1  
  152  9:36  Drone x2  
  154  9:38  Overlord x2  
  154  9:39  Overlord x2  
  154  9:41  Hive  
  147  10:22  Roach  
  147  10:23  Roach x8  
  147  10:24  Overlord  
  147  10:26  Infestor x2, Ravager x2  
  147  10:27  Infestor  
  147  10:28  Zergling x16  
  171  10:38  Roach x10  
  189  10:50  Zergling x6, Roach x2  
  170  11:11  Ultralisk Cavern, Zerg Melee Weapons Level 1  
  169  11:24  Zergling x4, Roach  
  169  11:25  Zergling x6, Roach x4  
  165  11:38  Zergling x6, Roach x2  
  140  11:47  Zergling x4, Roach x3, Hatchery  
  135  12:00  Chitinous Plating, Ultralisk x2  
  141  12:16  Ultralisk  
  147  12:34  Ultralisk  
  147  12:35  Ultralisk  
  150  12:47  Ultralisk  
  156  12:54  Drone x6  
  156  12:58  Ravager  
  138  13:27  Zergling x14  
Show
View Real Time Build Order
Export as new Build Order

Miszu Terran 

Build Orders: Bio Tank 

Get SALT Encoding   

  12  0:00  SCV  
  13  0:12  SCV  
  14  0:18  Supply Depot  
  14  0:25  SCV  
  15  0:39  SCV  
  15  0:42  Barracks  
  16  0:44  Refinery  
  16  0:51  SCV  
  17  1:03  SCV  
  18  1:16  SCV  
  19  1:28  Orbital Command  
  19  1:30  Barracks Reactor  
  19  1:41  Command Center  
  19  1:49  Supply Depot  
  19  1:54  SCV  
  20  2:05  Bunker  
  20  2:06  SCV  
  20  2:08  Marine  
  22  2:09  Marine  
  23  2:18  SCV  
  24  2:23  Factory  
  24  2:31  Refinery, SCV  
  24  2:32  Marine  
  24  2:34  Marine  
  27  2:43  SCV  
  28  2:50  Marine  
  29  2:52  Marine  
  29  2:55  SCV, Orbital Command  
  31  3:07  Starport, SCV  
  31  3:09  Factory Tech Lab  
  31  3:11  Marine  
  33  3:13  Marine  
  34  3:20  SCV  
  35  3:27  Supply Depot  
  35  3:28  Siege Tank  
  35  3:31  SCV  
  39  3:34  SCV  
  39  3:41  Marine x2  
  41  3:46  SCV  
  41  3:47  Medivac  
  45  3:56  SCV  
  45  3:59  Marine x2  
  45  4:01  SCV  
  47  4:15  Siege Tank, SCV  
  47  4:16  Marine, SCV  
  47  4:17  Marine  
  52  4:27  SCV  
  54  4:38  SCV  
  54  4:41  Supply Depot  
  54  4:45  Liberator  
  54  5:01  Supply Depot  
  54  5:02  Marine x2  
  54  5:03  Siege Tank  
  62  5:08  Barracks  
  62  5:09  Barracks  
  62  5:14  Supply Depot  
  62  5:23  SCV x2  
  62  5:24  Marine x2  
  66  5:28  Liberator  
  66  5:31  Refinery  
  66  5:35  SCV x2  
  68  5:47  SCV x2  
  68  5:49  Marine x2  
  75  5:50  Siege Tank  
  78  6:00  SCV x2  
  77  6:06  Barracks Tech Lab  
  77  6:09  Supply Depot  
  78  6:12  Supply Depot, Barracks Tech Lab, SCV  
  78  6:16  Command Center  
  78  6:17  Engineering Bay  
  78  6:31  Marine x3, Siege Tank  
  84  6:33  Marine  
  84  6:35  Starport Reactor  
  85  6:43  Combat Shields  
  85  6:44  Stimpack  
  85  6:45  SCV x2  
  87  6:49  Marine x3  
  87  6:50  Marine  
  91  7:06  Marine x2  
  93  7:09  Marine x2  
  89  7:16  Medivac, Siege Tank  
  89  7:17  SCV  
  89  7:18  SCV  
  91  7:24  Marine x2  
  91  7:29  SCV  
  91  7:30  SCV  
  90  7:41  SCV  
  90  7:42  SCV  
  90  7:43  Marine x4  
  93  7:54  SCV  
  94  8:03  Marine x3, Medivac x2, SCV  
  102  8:06  SCV  
  102  8:10  Command Center  
  97  8:15  Marine, SCV  
  97  8:16  Siege Tank  
  97  8:18  SCV  
  103  8:20  Marine  
  103  8:21  Marine  
  103  8:23  Barracks  
  103  8:24  Marine, Barracks, Refinery  
  106  8:27  SCV  
  106  8:30  SCV  
  106  8:33  Marine  
  109  8:38  Marine  
  109  8:40  Supply Depot  
  110  8:41  Supply Depot  
  110  8:53  Terran Infantry Weapons Level 1  
  110  8:54  Supply Depot  
  110  8:55  Marine  
  110  9:01  Marine x3, Medivac, SCV x2  
  117  9:08  Siege Tank  
  120  9:10  Marine  
  120  9:13  Marine, SCV  
  123  9:17  Marine  
  123  9:19  Marine x2  
  123  9:22  Engineering Bay  
  123  9:23  SCV  
  127  9:25  Orbital Command  
  127  9:31  Marauder  
  129  9:34  Marine x2  
  129  9:37  SCV  
  132  9:41  SCV  
  132  9:42  Marine  
  134  9:49  SCV  
  135  9:53  SCV  
  135  9:59  Marauder  
  136  10:01  Marauder  
  136  10:04  Marine  
  136  10:05  Marine  
  136  10:06  SCV  
  136  10:07  SCV x2  
  128  10:19  SCV x3  
  128  10:20  Marauder  
  131  10:22  Marauder  
  131  10:27  Marine  
  132  10:41  Marine, Marauder  
  134  10:43  SCV  
  134  10:44  Marauder  
  134  10:48  Marine  
  135  10:57  SCV x2  
  135  10:59  SCV  
  135  11:03  Marauder  
  136  11:05  Marauder  
  136  11:09  SCV x2  
  136  11:11  Terran Infantry Armor Level 1, SCV  
  137  11:12  Marine x4  
  141  11:21  SCV x2  
  141  11:23  SCV  
  141  11:24  Marauder  
  126  11:26  Marauder  
  126  11:30  Marine x3  
  126  11:32  Marine  
  112  11:45  Marauder  
  107  11:47  Siege Tank  
  107  11:48  Marine x3, Marauder  
  107  11:50  Marine  
  113  12:00  Medivac  
  113  12:01  Medivac  
  115  12:02  SCV x2  
  115  12:05  Marine  
  115  12:06  Marine x2  
  115  12:07  Marine, Marauder  
  123  12:09  Marauder  
  125  12:16  Armory  
  125  12:19  Siege Tank  
  125  12:22  Barracks  
  128  12:23  Marine x2  
  128  12:24  Marine  
  128  12:25  Marine  
  128  12:28  Marauder  
  133  12:31  Marauder  
  124  12:41  Marine x2  
  116  12:46  SCV x2  
  116  12:47  Orbital Command  
  116  12:50  Marauder  
  120  12:52  Marauder  
  120  12:55  Refinery x2  
  120  12:57  Siege Tank  
  125  12:58  SCV x2  
  127  13:10  SCV  
  127  13:11  Marauder  
  120  13:13  Marauder  
  120  13:14  Marine  
  120  13:15  Marine  
  120  13:17  Marine  
  97  13:26  Marine  
  84  13:27  Marine  
Tags
 
Composition
Bio Tank
Matchup
TvZ
Add a new tag
Caveats
  • Supply blocks, unpowered buildings, or Contaminate may cause inaccurate times.
  • Supply counts are checked every 10 seconds.